Cogmind - Beta 12 @@@ ROGUE MODE // 2023.05.13 @ 03:23:35 Player: maxwell Result: Destroyed by D-53 Grenadier with Mini Grenade Launcher Performance ------------- Evolutions (0) 0 Regions Visited (4) 800 Robots Destroyed (35) 175 Value Destroyed (1056) 1056 Prototype IDs (1) 20 Alien Tech Used (0) 0 Bonus (89) 89 TOTAL SCORE: 2140 Bonus ------- High Alert Combat Kills 32 Follower Combat Kills 85 Friendly Fire -28 Cogmind --------- Core Integrity 0/250 Matter 300/300 Energy 100/100 System Corruption 0% Temperature Cool (0) Movement Core (50) Location -9/Mines Parts ------- > --- POWER (1) -------- (None) > --- PROPULSION (2) --- (None) > --- UTILITY (2) ------ (None) > --- WEAPON (2) ------- (None) > --- INVENTORY (5) ---- Cargo Storage Unit Propulsion Shielding Propulsion Shielding Particle Gun Peak State ------------ > --- POWER ------------ Ion Engine > --- PROPULSION ------- Light Treads Light Treads > --- UTILITY ---------- Large Storage Unit Sensor Drone Bay > --- WEAPON ----------- Makeshift Hammer > --- INVENTORY -------- Light Treads Light Treads Light Treads Light Treads Cargo Storage Unit High-capacity Matter Pod Propulsion Shielding Propulsion Shielding Propulsion Shielding Propulsion Shielding Propulsion Shielding Light Armor Plating Small Laser Particle Gun [Rating: 17] Favorites ----------- Power Ion Engine Engine Ion Engine Propulsion Light Treads Treads Light Treads Leg Aluminum Leg Utility Large Storage Unit Device Sensor Drone Bay Storage Large Storage Unit Processor Transport Network Coupler Protection Light Armor Plating Weapon Light Assault Rifle Energy Gun Small Laser Ballistic Gun Light Assault Rifle Launcher Grenade Launcher Impact Weapon Makeshift Hammer Build | -11 -10 -10 -10 -9 ------- Run | Jun Mat Min Exi Min Slots Evolved . | . . . . . Power . | . . . . . Propulsion . | . . . . . Utility . | . . . . . Weapon . | . . . . . Parts Attached 20 | . 9 7 . 4 Power 2 | . 1 1 . . Engine 2 | . 1 1 . . Core . | . . . . . Reactor . | . . . . . Propulsion 6 | . 3 2 . 1 Treads 6 | . 3 2 . 1 Leg . | . . . . . Wheel . | . . . . . Hover . | . . . . . Flight . | . . . . . Utility 7 | . 2 2 . 3 Device 1 | . . . . 1 Storage 1 | . 1 . . . Processor 1 | . 1 . . . Hackware . | . . . . . Protection 4 | . . 2 . 2 Artifact . | . . . . . Weapon 5 | . 3 2 . . Energy Gun . | . . . . . Energy Cannon . | . . . . . Ballistic Gun 3 | . 2 1 . . Ballistic Cannon . | . . . . . Launcher 1 | . 1 . . . Special Weapon . | . . . . . Impact Weapon 1 | . . 1 . . Slashing Weapon . | . . . . . Piercing Weapon . | . . . . . Special Melee Weapon . | . . . . . Unidentified Prototypes 1 | . . . . 1 Parts Lost 8 | . 3 4 . 1 Power 2 | . 2 . . . Propulsion 2 | . . 1 . 1 Utility 1 | . . 1 . . Weapon 3 | . 1 2 . . Highest Loss Streak 4 | . 2 4 . 1 To Critical Strikes . | . . . . . Average Slot Usage (%) 89 | . 91 91 85 82 Engine 10 | . 8 9 14 13 Treads 26 | . 24 27 28 27 Leg 1 | . 3 . . . Storage 13 | . 14 14 14 13 Processor 5 | . 11 2 . . Protection 7 | . . 11 14 13 Ballistic Gun 16 | . 24 22 . . Impact Weapon 4 | . . 3 14 13 Naked Turns 21 | . . . . 21 Heaviest Build 32 | 12 25 32 31 31 Greatest Support 40 | 20 40 40 40 40 Greatest Overweight (x) . | . . . . . Average Overweight (x) . | . . . . . Largest Inventory Capacity 15 | . 15 15 15 15 Average Capacity 14 | . 14 15 15 14 Most Carried 15 | . 12 15 14 15 Average Carried 11 | . 8 13 13 14 Final Capacity 15 | 8 15 15 15 5 Final Carried 14 | 6 12 13 14 5 Class Distribution -------------------- 66% | Mutant 33% | Scavenger-Mutant Dominant Class ---------------- Mutant | -10/Materials Mutant | -10/Mines Scavenger-Mutant | -10/Exiles Scavenger-Mutant | -9/Mines Resources | -11 -10 -10 -10 -9 ----------- Run | Jun Mat Min Exi Min Matter Collected 793 | 185 407 166 . 35 Remotely . | . . . . . Salvage Created 1086 | . 568 377 . 141 Parts 63 | . 38 22 . 3 Haulers Intercepted 2 | . 2 . . . Recyclers Shooed . | . . . . . Parts Field Recycled . | . . . . . Retrieved Matter . | . . . . . Parts Self-Destructed . | . . . . . Prevented . | . . . . . Kills | -11 -10 -10 -10 -9 ------- Run | Jun Mat Min Exi Min Combat Hostiles Destroyed 27 | . 15 8 . 4 Melee 2 | . . 1 . 1 Guns 16 | . 10 6 . . AOE 5 | . 5 . . . Classes Destroyed 6 | . 5 1 . . Worker 1 | . . 1 . . Tunneler 3 | . 2 1 . . Hauler 2 | . 2 . . . Watcher 2 | . 2 . . . Swarmer 2 | . 2 . . . Grunt 25 | . 13 8 . 4 Best Kill Streak 5 | . 5 2 . 2 Combat Bots Only 5 | . 5 2 . 2 Max Kills in Single Turn 1 | . 1 1 . 1 Gunslinging . | . . . . . Exploded 1 | . 1 . . . Melee 1 | . . 1 . 1 Uniques/NPCs Destroyed . | . . . . . Combat | -11 -10 -10 -10 -9 -------- Run | Jun Mat Min Exi Min Damage Taken 1621 | . 661 639 . 321 Core 252 | . 65 75 . 112 Absorbed by Shields . | . . . . . Regen/Repaired (Parts) 122 | . 122 . . . Core Remaining (%) 100 | 100 . . . . Volleys Fired 97 | . 68 29 . . Largest 2 | . 2 2 . . Hottest 43 | . 40 43 . . Shots Fired 170 | . 112 58 . . Gun 146 | . 88 58 . . Cannon . | . . . . . Launcher 24 | . 24 . . . Special . | . . . . . Kinetic 146 | . 88 58 . . Thermal . | . . . . . Explosive 24 | . 24 . . . Electromagnetic . | . . . . . Robot Hit Streak 7 | . 7 6 . . Robot Miss Streak 6 | . 6 6 . . Penetration Max . | . . . . . Secondary Targets 3 | . 3 . . . Max Gunslinging Chain 1 | . 1 . . . Shots Hit Robots 110 | . 63 37 . 10 Core Hits 64 | . 46 17 . 1 Critical Kills 2 | . . 2 . . Critical Parts Destroyed 2 | . . . . 2 Critical Strikes 4 | . . 2 . 2 Smash 4 | . . 2 . 2 Melee Attacks 47 | . . 17 . 30 Impact 47 | . . 17 . 30 Slashing . | . . . . . Piercing . | . . . . . Sneak Attacks 2 | . . 2 . . Combat Hostiles . | . . . . . Follow-up Attacks . | . . . . . Damage Inflicted 2644 | . 1289 879 . 476 Guns 865 | . 456 409 . . Cannons . | . . . . . Explosions 785 | . 785 . . . Melee 932 | . . 456 . 476 Ramming 62 | . 48 14 . . Kinetic 865 | . 456 409 . . Thermal . | . . . . . Explosive 785 | . 785 . . . Electromagnetic . | . . . . . Impact 932 | . . 456 . 476 Slashing . | . . . . . Piercing . | . . . . . Highest Corruption . | . . . . . Average Corruption . | . . . . . Corruption Purged . | . . . . . Corruption Blocked . | . . . . . Overload Shots . | . . . . . Overflow Damage 210 | . 15 54 . 141 Projectiles . | . . . . . Explosions 15 | . 15 . . . Melee 195 | . . 54 . 141 Knockbacks 1 | . 1 . . . Impact 1 | . 1 . . . Kinetic . | . . . . . Secondary . | . . . . . Self-Inflicted Damage 138 | . 138 . . . Shots 5 | . 5 . . . Rammed 7 | . 6 1 . . Targets Rammed 7 | . 6 1 . . Kicked . | . . . . . Crushed . | . . . . . Highest Temperature 61 | . 30 61 . . Average Temperature 13 | . 9 16 . . Received Heat Transfer 660 | . 267 351 . 42 Siege Activations . | . . . . . Robots Corrupted . | . . . . . Combat Hostiles . | . . . . . Parts Fried 5 | . . 4 . 1 Impact Corruptions 9 | . . 3 . 6 Robots Melted . | . . . . . Combat Hostiles . | . . . . . Parts Melted 1 | . . 1 . . Heat Transferred . | . . . . . Parts Sabotaged . | . . . . . Parts Stolen . | . . . . . Parts Stripped . | . . . . . Power Chain Reactions . | . . . . . Missiles Intercepted . | . . . . . Alert | -11 -10 -10 -10 -9 ------- Run | Jun Mat Min Exi Min Peak Influence 481 | . 481 191 . 95 Initial 105 | . . 105 . . Average 164 | . 346 59 . 10 Maximum Alert Level 2 | . 2 . . . Low Security (%) 62 | . 6 100 . 100 Level 1 26 | . 65 . . . Level 2 11 | . 28 . . . Level 3 . | . . . . . Level 4 . | . . . . . Level 5 . | . . . . . High Security . | . . . . . Max Security . | . . . . . Squads Dispatched 5 | . 5 . . . Investigation 3 | . 3 . . . Extermination . | . . . . . Reinforcement 2 | . 2 . . . Assault . | . . . . . Garrison . | . . . . . Intercept . | . . . . . Searches Triggered . | . . . . . Construction Impeded . | . . . . . Haulers Reinforced . | . . . . . Active Scanning Responses . | . . . . . Cargo Convoy Interrupts . | . . . . . Stealth | -11 -10 -10 -10 -9 --------- Run | Jun Mat Min Exi Min Distress Signals 2 | . 2 . . . Communications Jammed . | . . . . . Distress Signals . | . . . . . Times Spotted 39 | . 22 11 . 6 Peak Tracking Total 4 | . 4 3 . 3 Tactical Retreats 3 | . 2 . . 1 Traps | -11 -10 -10 -10 -9 ------- Run | Jun Mat Min Exi Min Traps Triggered 1 | . 1 . . . Indirectly . | . . . . . Trap Hack Attempts . | . . . . . Triggered . | . . . . . Disarmed . | . . . . . Reprogrammed . | . . . . . Reused . | . . . . . Traps Extracted . | . . . . . Installed . | . . . . . Triggered . | . . . . . Machines | -11 -10 -10 -10 -9 ---------- Run | Jun Mat Min Exi Min Machines Disabled 5 | . 5 . . . Max in Single Turn 2 | . 2 . . . Machines Repaired . | . . . . . Machines Sabotaged . | . . . . . Overloaded Fab Kills . | . . . . . Hacking | -11 -10 -10 -10 -9 --------- Run | Jun Mat Min Exi Min Machines Accessed 9 | . 7 . 1 1 Terminals 4 | . 4 . . . Fabricators . | . . . . . Repair Stations 1 | . 1 . . . Recycling Units 2 | . 2 . . . Scanalyzers . | . . . . . Garrison Access . | . . . . . Total Hacks 20 | . 18 . 1 1 Successful 10 | . 8 . 1 1 Failed 10 | . 10 . . . Catastrophic . | . . . . . Database Lockouts . | . . . . . Manual 13 | . 13 . . . Terminals 13 | . 13 . . . Fabricators . | . . . . . Repair Stations 3 | . 3 . . . Recycling Units 2 | . 2 . . . Scanalyzers . | . . . . . Garrison Access . | . . . . . Terminal Hacks 3 | . 1 . 1 1 Record 1 | . . . 1 . Open Door 1 | . . . . 1 Locate Traps 1 | . 1 . . . Fabricator Hacks . | . . . . . Repair Station Hacks 2 | . 2 . . . Scan Component 1 | . 1 . . . Repair 1 | . 1 . . . Recycling Unit Hacks . | . . . . . Scanalyzer . | . . . . . Garrison Access Hacks . | . . . . . Unauthorized Hacks 5 | . 5 . . . Terminals 3 | . 3 . . . Operators 3 | . 3 . . . Fabricators . | . . . . . Repair Stations . | . . . . . Recycling Units 2 | . 2 . . . Tunnel 2 | . 2 . . . Scanalyzers . | . . . . . Garrison Access . | . . . . . Data Cores Recovered . | . . . . . Used . | . . . . . Hacking Detections 4 | . 4 . . . Full Trace Events . | . . . . . Feedback Events . | . . . . . Feedback Blocked . | . . . . . Robot Schematics Acquired . | . . . . . Robots Built . | . . . . . Authchips . | . . . . . Time . | . . . . . Total Robot Build Rating . | . . . . . Part Schematics Acquired . | . . . . . Parts Built . | . . . . . Authchips . | . . . . . Time . | . . . . . Total Part Build Rating . | . . . . . Parts Repaired 1 | . 1 . . . Time 26 | . 26 . . . Parts Recycled . | . . . . . Recycled Matter . | . . . . . Retrieved Matter . | . . . . . Retrieved Components . | . . . . . Parts Scanalyzed . | . . . . . Part Schematics Acquired . | . . . . . Parts Damaged . | . . . . . Bothacking | -11 -10 -10 -10 -9 ------------ Run | Jun Mat Min Exi Min Used RIF Installer . | . . . . . Robots Hacked . | . . . . . Non-combat . | . . . . . Combat . | . . . . . Robot Hacks Applied . | . . . . . Relay Couplers Released . | . . . . . Fabnet Peak Effective % . | . . . . . Robots Rewired . | . . . . . Allies Hacked . | . . . . . Hacks Repelled . | . . . . . Allies | -11 -10 -10 -10 -9 -------- Run | Jun Mat Min Exi Min Total Allies 3 | . . 3 . . Largest Group 2 | . . 2 1 . Highest-Rated Group 46 | . . 46 31 . Highest-Rated Ally 31 | . . 31 31 . Total Orders . | . . . . . Ally Attacks 21 | . . 21 . . Total Damage 273 | . . 273 . . Kills 3 | . . 3 . . Allies Corrupted . | . . . . . Allies Melted . | . . . . . Intel | -11 -10 -10 -10 -9 ------- Run | Jun Mat Min Exi Min Robot Analysis Total . | . . . . . Derelict Logs Recovered 4 | . . 3 . 1 Drone Launches . | . . . . . Drone Recoveries . | . . . . . Exploration | -11 -10 -10 -10 -9 ------------- Run | Jun Mat Min Exi Min Turns Passed 3434 | . 1253 1213 302 666 Spaces Moved 1816 | 1 658 672 189 296 Core 31 | . . . . 31 Treads 1697 | . 571 672 189 265 Legs 88 | 1 87 . . . Wheels . | . . . . . Hover . | . . . . . Flight . | . . . . . Fastest Speed 50 | 120 120 160 160 50 Average Speed 156 | 120 154 160 160 148 Slowest Speed 160 | 120 160 160 160 160 Overloaded Moves . | . . . . . Propulsion Burnouts . | . . . . . Robots Hopped . | . . . . . Cave-ins Triggered . | . . . . . Exploration Rate (%) 59 | 1 95 99 53 48 Regions Visited 4 Branch Regions 3 Pre-discovered Areas 4 | . 2 1 1 . Known Exits Taken . | . . . . . Unknown Exits Taken 4 | 1 1 1 1 . Scrap Searched 1 | . . 1 . . Spaces Dug 23 | . 11 . . 12 Terrain Destroyed 149 | . 137 . . 12 Melee 12 | . . . . 12 Projectile . | . . . . . AOE 137 | . 137 . . . Terrain Rammed . | . . . . . Walls Destroyed . | . . . . . Machines Disabled . | . . . . . Actions | -11 -10 -10 -10 -9 --------- Run | Jun Mat Min Exi Min Total 2217 | . 795 742 189 491 Wait 203 | . 40 4 . 159 Move 1812 | . 657 671 188 296 Hop . | . . . . . Pick Up 21 | . 10 8 1 2 Fast Attach 5 | . 3 1 . 1 Attach 10 | . 4 5 . 1 Detach 2 | . 1 1 . . Swap 5 | . 2 1 . 2 Drop 8 | . 4 4 . . Fire 97 | . 68 29 . . Melee 47 | . . 17 . 30 Ram . | . . . . . Kick . | . . . . . Crush 7 | . 6 1 . . Escape Stasis . | . . . . . Rewire . | . . . . . Trap . | . . . . . Miscellaneous . | . . . . . Route ------- -11/Junkyard -10/Materials (discovered 5 exits: [*Mat x3] / [*Min x2]) -10/Mines (discovered 3 exits: [*Mat x2] / *Exi) -10/Exiles -9/Mines (discovered 1 exit: [*Mat]) History --------- Turn | Location | Event 1 | -11/Junkyard | Discovered new exit (range 0) 1 | -11/Junkyard | Entered Materials 81 | -10/Materials | Discovered new exit (range 10) 110 | -10/Materials | Discovered new exit (range 13) 304 | -10/Materials | Build established: Mutant 483 | -10/Materials | Discovered new exit (range 15) 896 | -10/Materials | Discovered new exit (range 13) 944 | -10/Materials | Repaired Lgt. Treads 1142 | -10/Materials | Discovered new exit (range 13) 1254 | -10/Materials | Entered Mines 1464 | -10/Mines | Learned location of 1 exit from Materials 1464 | -10/Mines | Joined a pair of Derelicts in attacking an 0b10 outpost 1666 | -10/Mines | Discovered new exit (range 7) 1719 | -10/Mines | Discovered new exit (range 14) 1872 | -10/Mines | Learned 8 Materials zone layouts 1938 | -10/Mines | Deemed a non-threat by the Exiles lab entrance 1938 | -10/Mines | Discovered new exit (range 5) 2021 | -10/Mines | Learned location of Zion (-6) 2221 | -10/Mines | Core integrity fell below 50% 2245 | -10/Mines | Escorted by a lone wolf Derelict 2257 | -10/Mines | Lost 4 parts (1n1u2w) 2467 | -10/Mines | Entered Exiles 2467 | -10/Exiles | Accompanied by 1 ally 2511 | -10/Exiles | Met 8R-AWN 2529 | -10/Exiles | Build established: Scavenger-Mutant 2535 | -10/Exiles | Met EX-HEX 2618 | -10/Exiles | Met EX-DEC 2748 | -10/Exiles | Discovered new exit (range 14) 2769 | -10/Exiles | Entered Mines 3001 | -9/Mines | Learned Materials terminal intel 3032 | -9/Mines | Discovered new exit (range 7) 3120 | -9/Mines | Core integrity fell below 20% 3166 | -9/Mines | Assembled infested the area 3169 | -9/Mines | Found the Drone Emporium 3176 | -9/Mines | Found Prototype Device 3177 | -9/Mines | Identified Sensor Drone Bay 3414 | -9/Mines | Released all parts (6) 3435 | -9/Mines | Destroyed by D-53 Grenadier with Mini Grenade Launcher Last Messages --------------- >>Open Door Sealed Doors opened. 03169_ S4-Z96(g): "Well that was anticlimactic. Heard you outside and thought you were from the Merchants Guild. I haven't even officially opened my Drone Emporium yet but am totally ready to tell them where they can shove that C&D." 03171_ S4-Z96(g): "I'm a fan of the free market. Free drones for all! No strings attached!" 03176_ Acquired Prototype Device. 03177_ Identified Sensor Drone Bay. 03393_ Acquired 18 matter. 03395_ Acquired 2 matter. 03396_ K-01 Serf collects debris. 03414_ Released Mak. Hammer. 03414_ Released Lrg. Storage Unit. 03414_ Released Ion Engine. 03414_ Released Lgt. Treads. 03414_ Released Lgt. Armor Plating. 03433_ SHOP.Sys disabled. 03433_ Machine disabled. Map ----- +----------------------------------------------------+ | ?????????????????????????????????? | | ?????????????????????????????????? | | ?????????????????????????????????? | | ?????????????????????????????????? | | ?????????????????????????????????? | | ?????????????????????????????????? | | ?????????????????????????????????? | | ?????????????????????????????????? | | ?????????????????????????????????? | | ?????????????????????????????????? | | ?????????????????????????????????? | | ?????????????????????????????????? | | #????????????????????????????????? | | ???##???????????????????????????? | | ?? #??????????????????????????? | | ?? % ??????????????????????????? | | ? ?# #??????????????????????????? | | ?? ## ##?####????????????????????? | | ??? ## ?????????????????????? | | ??## ??????????????????????? | | ### = #???????????????????????? | | !=!!=#???????????????????????? | | *[/=!#???????????????????????? | | #### !!= #??????????????######???? | | ???## != #?????????????##""""##??? | | ##??## #?????????????#"@ "#??? | | #### ########???????# "#??? | | #??????## #??? | | %#??????# g #??? | | #### #???#### #?? | | #### # ##### #####""; #?? | | ???# ##### """ #""" #?? | | ???# #???# """ #?? | | ####%#???# """ #?? | | %!#???# #### #?? | | #####???# #??# #?? | | #???????# #??# #?? | | #???????# #??# #?? | | ##???????#########??############?? | | ?????????????????????????????????? | | ?????????????????????????????????? | | | | | | | | | | | | | | | | | | | +----------------------------------------------------+ Best States ------------- Heat Dissipation 25 Energy Generation 10 Energy Capacity 250 Matter Stores 300 Matter Capacity 300 Sight Range 16 Terrain Scan Density 10 Armor Coverage 150 Evasion (%) 55 Recoil Reduction 2 Item Schematics ----------------- None Robot Schematics ------------------ None Fabricated ------------ Nothing Alien Tech Used ----------------- None Achievements -------------- None Challenges ------------ None Game ------ Seed MiniDisruptorDisintegrator Manual? 0 Play Time 00:12:25 Cumulative 345.8 hours Start 2023.05.13 @ 03:13:08 End 2023.05.13 @ 03:23:35 Sessions 1 Manual Loads 0 Difficulty Rogue Special Mode None Game No. 488 Rogue 461 Adventurer 4 Explorer 23 Win Type - Total 19 Types 14/0/2/2/1/0/0/0/0 Lore% 78 Gallery% 92 Achievement% 82 Wizard Run 0 Options --------- ASCII 0 Keyboard 1 Movement Numpad Keybinds 0 Fullscreen 2 Font 18/SmallcapsGlow Map View 76x50 Tactical HUD 1 Map Filters NONE Filters NONE Steam 1 RUN: 2593c130-6fba-4cd6-a8ca-dfbe81c240e9